 Dungeon Crawl Stone Soup version 0.27.1 (webtiles) character file.

Game seed: 15203701007882682807

149 speeev33 the Skirmisher (level 5, -5/46 (47) HPs)
             Began as a Hill Orc Fighter on Aug 28, 2021.
             Was a Believer of Cheibriados.
             Slain by Sigmund (8 damage)
             ... on level 4 of the Dungeon.
             The game lasted 00:06:54 (2140 turns).

speeev33 the Skirmisher (Hill Orc Fighter)          Turns: 2140, Time: 00:06:54

HP:   -5/46 (47)    AC: 10    Str: 26    XL:     5   Next: 31%
MP:   3/5           EV:  6    Int: 14    God:    Cheibriados [**....]
Gold: 151           SH: 11    Dex: 16    Spells: 4/4 levels left

rFire    + . .     SeeInvis .   a - +0 war axe
rCold    + . .     Faith    .   c - +0 kite shield
rNeg     . . .     Spirit   .   j - +0 chain mail
rPois    .         Reflect  .   k - +0 helmet
rElec    .         Harm     .   h - scarf {rC+ rF+}
rCorr    .         Rampage  .   (no gloves)
Will     .....                  (no boots)
Stlth    ..........             (no amulet)
HPRegen  0.15/turn              (no ring)
MPRegen  0.09/turn              (no ring)

@: mighty, lightly drained, very slow
A: no striking features
a: Renounce Religion, Bend Time


You were on level 4 of the Dungeon.
You worshipped Cheibriados.
Cheibriados was pleased with you.
You visited 1 branch of the dungeon, and saw 4 of its levels.

You collected 151 gold pieces.

Inventory:

Hand Weapons
 a - a +0 war axe (weapon)
Armour
 c - a +0 kite shield (worn)
 h - a scarf of resistance (worn)
 j - a +0 chain mail (worn)
 k - a +0 helmet (worn)
Potions
 b - a potion of lignification {unknown}
 e - 3 potions of flight
 f - 2 potions of invisibility
 g - 3 potions of brilliance
 l - a potion of attraction {unknown}


   Skills:
 + Level 4.9 Fighting
 + Level 4.4 Axes
 - Level 3.2 Armour
 + Level 4.5 Shields
 + Level 0.7 Invocations


You had 4 spell levels left.
You didn't know any spells.
Your spell library was empty.

Dungeon Overview and Level Annotations

Branches:
Dungeon (4/15)
 Temple: D:4-7

Altars:
Cheibriados

Annotations:
D:4 Sigmund


Message History

Found a scroll labelled VUSYS DUHO.
Found a ring mail.
Found an escape hatch in the floor.
Sigmund the Dreaded comes into view.
He is wielding a +0 scythe.
You see here a book of Air.
You aren't carrying any items that you can evoke.
Okay, then.
Sigmund shouts!
A kobold comes into view. It is wielding a +0 short sword.
Found a stone staircase leading down.
The kobold shouts!
The flow of time bends around you. You block Sigmund's attack.
Your shield and chain mail prevent you from hitting the kobold.
The kobold hits you with a +0 short sword.
Sigmund hits you from afar with a +0 scythe.
The kobold barely misses you.
You slash the kobold!
You kill the kobold!
Cheibriados appreciates the change of pace.
Sigmund casts a spell.
Sigmund flickers and vanishes!
Deactivating autopickup; reactivate with Ctrl-A.
Found 20 stones.
You hear some strange, mumbled words.
A magic dart appears from out of thin air!
The magic dart hits you.
You hear some strange, mumbled words.
A puff of flame appears from out of thin air!
You block the puff of flame.
You closely miss something. Something hits you.
You closely miss something. Something hits you but does no damage.
You completely miss something. Something hits you!
You completely miss something. Something hits you.
You miss something. Something hits you!
* * * LOW HITPOINT WARNING * * *
You miss something. Something hits you.
* * * LOW HITPOINT WARNING * * *
You feel very mighty all of a sudden. Something hits you but does no damage.
You miss something. Something hits you!
You die...

####(.....#
.........# .
#........#
.>#........#
#..........#
#.....[.>#
##.....?..####
#....{@......##
#.....)..:.#..#
#.###.####..#.######
#. #..........# #.
#..........#
....#..........#
..#..####....###
##............#
#.#####...<..#


There were no monsters in sight!

Vanquished Creatures
  Jessica (D:3)
  2 orc wizards (D:2)
  An adder (D:2)
  3 dart slugs
  3 orcs (D:2)
  5 ball pythons
  4 bats
  5 endoplasms
  2 giant cockroaches (D:1)
  7 goblins
  4 hobgoblins
  4 quokkas
  6 frilled lizards
  4 kobolds
  4 rats
55 creatures vanquished.

Vanquished Creatures (others)
  2 fungi (D:1)
  2 plants (D:1)
4 creatures vanquished.

Grand Total: 59 creatures vanquished

Notes
Turn   | Place    | Note
-------+----------+-------------------------------------------
     0 | D:1      | speeev33 the Hill Orc Fighter began the quest for the Orb.
     0 | D:1      | Reached XP level 1. HP: 19/19 MP: 1/1
   126 | D:1      | Reached XP level 2. HP: 27/27 MP: 2/2
   243 | D:1      | Found a faded altar of an unknown god.
   247 | D:1      | Became a worshipper of Cheibriados the Contemplative
   247 | D:1      | Reached * piety under Cheibriados
   398 | D:1      | Reached XP level 3. HP: 28/33 MP: 3/3
   511 | D:1      | You fall into a shaft and drop 1 floor!
   712 | D:1      | Reached ** piety under Cheibriados
  1037 | D:2      | Reached XP level 4. HP: 28/41 MP: 4/4
  1345 | D:2      | Reached XP level 5. HP: 46/47 MP: 5/5
  1594 | D:3      | Noticed Jessica
  1616 | D:3      | Killed Jessica
  2126 | D:4      | Noticed Sigmund
  2140 | D:4      | Slain by Sigmund

Illustrated notes

Levels and vault maps discovered:
D:1:      dpeg_arrival_three_same_balls, layout_basic,
          shapermc_ecumenical_altar_hornbeckon
D:2:      layout_rooms, minmay_heptomino_h4
D:3:      layout_basic, uniq_jessica
D:4:      layout_rooms, lemuel_tele_altar, minmay_distorted, uniq_sigmund

Skill      XL: |  1  2  3 |
---------------+----------+-----
Axes           | 3 4 |  4.4
Fighting       | 4 |  4.9
Shields        | 4 |  4.5
Armour         | |  3.2
Invocations    | |  0.7

Action                   |  1- 3 |  4- 6 || total
-------------------------+-------+-------++-------
Melee: War axe           |   135 |    52 ||   187
Invok: Bend Time         |       |     1 ||     1
  Use: Scroll            |       |     5 ||     5
       Potion            |       |     1 ||     1
Armor: Scale mail        |    60 |       ||    60
       Chain mail        |    18 |    25 ||    43
Dodge: Dodged            |    41 |     7 ||    48
Block: Kite shield       |    76 |    41 ||   117
